 Dungeon Crawl Stone Soup version 0.22.1-1-ga44c0e5 (webtiles) character file.

794 MalarOregon the Chiller (level 7, 0/52 HPs)
             Began as a Merfolk Ice Elementalist on Nov 7, 2018.
             Killed by divine providence
             ... invoked by an orc priest
              (11 damage)
             ... on level 5 of the Dungeon.
             The game lasted 00:18:51 (7131 turns).

MalarOregon the Chiller (Merfolk Ice Elementalist)  Turns: 7131, Time: 00:18:52

Health: 0/52       AC:  4    Str: 15    XL:     7   Next: 89%
Magic:  3/3        EV: 12    Int: 16    God:
Gold:   253        SH: 13    Dex: 14    Spells: 12/13 levels left

rFire    . . .     SeeInvis .   a - +0 trident
rCold    . . .     Gourm    .   z - +0 shield
rNeg     . . .     Faith    .   A - +0 robe of Ikoropp Eghi {rPois MP-9 Str+6}
rPois    +         Spirit   .   (no helmet)
rElec    .         Reflect  +   w - +0 cloak
rCorr    .         Harm     .   (no gloves)
MR       .....                  v - +0 pair of boots
Stlth    ++........             k - +5 amulet of reflection
HPRegen  0.17/turn              t - ring of flight
MPRegen  0.08/turn              (no ring)

@: flying
A: change form in water, swift swim, stealthy swim
a: no special abilities


You were on level 5 of the Dungeon.
You were hungry.

You visited 1 branch of the dungeon, and saw 5 of its levels.

You collected 253 gold pieces.

Inventory:

Hand Weapons
 a - a +0 trident (weapon)
   (You took it off Terence on level 2 of the Dungeon)
 b - a +2 dagger of venom
   (You took it off an orc on level 4 of the Dungeon)
Missiles
 j - 3 javelins of returning (quivered)
Armour
 v - a +0 pair of boots (worn)
   (You found it on level 4 of the Dungeon)
 w - a +0 cloak (worn)
   (You took it off Crazy Yiuf on level 3 of the Dungeon)
 z - a +0 shield (worn)
   (You found it on level 4 of the Dungeon)
 A - the +0 robe of Ikoropp Eghi (worn) {rPois MP-9 Str+6}
   (You found it on level 5 of the Dungeon)

   It affects your strength (+6).
   It protects you from poison.
   It affects your magic capacity (-9).
Jewellery
 k - a +5 amulet of reflection (around neck)
   (You found it on level 4 of the Dungeon)
 t - a ring of flight (left hand)
   (You found it on level 3 of the Dungeon)
Wands
 u - a wand of paralysis (11)
   (You found it on level 4 of the Dungeon)
Scrolls
 f - 3 scrolls of amnesia {unknown}
 l - 3 scrolls of immolation {unknown}
 m - a scroll of enchant armour {unknown}
 o - 4 scrolls of remove curse {@r2}
 r - 3 scrolls of fog {unknown}
 s - a scroll of blinking {unknown}
 x - 4 scrolls of identify {unknown}
 B - a scroll of enchant weapon {unknown}
 C - a scroll of fear {unknown}
 D - a scroll of teleportation {unknown}
Potions
 d - a potion of cancellation
 h - a potion of ambrosia
 i - a potion of berserk rage {unknown}
 n - 2 potions of flight
 q - 2 potions of resistance
 y - a potion of might {unknown}
Comestibles
 e - 9 rations {!d}


   Skills:
 + Level 3.5 Fighting
 + Level 3.5 Polearms
 + Level 5.2 Dodging
 - Level 2.1 Stealth
 + Level 1.8 Shields
 + Level 3.5 Spellcasting
   Level 0.7 Conjurations
 * Level 6.3 Ice Magic


You had 12 spell levels left.
You knew the following spells:

 Your Spells              Type           Power        Failure   Level  Hunger
a - Freeze                Ice            ###.         7%          1    None

Your spell library contained the following spells:

 Spells                   Type           Power        Failure   Level  Hunger
 Throw Frost              Conj/Ice       ##....       34%         2    ##.....
 Ozocubu's Armour         Chrm/Ice       ##......     63%         3    ###....
 Throw Icicle             Conj/Ice       ##......     92%         4    ####...
 Summon Ice Beast         Ice/Summ       ##......     95%         4    ####...


Dungeon Overview and Level Annotations

Branches:
Dungeon (5/15)
 Temple: D:4-7

Altars:
Cheibriados


Message History

You bump into the stone wall.
The orc wizard closely misses you. The orc wizard casts a spell at you.
You resist with some effort.
The orc wizard gestures at you while chanting.
The magic dart hits you!
You hit the orc wizard.
The orc wizard hits you but does no damage.
You hit the orc wizard but do no damage.
The orc wizard hits you but does no damage.
You closely miss the orc wizard.
You feel less invigorated.
The orc wizard hits you with a dagger. x2
The orc wizard points at you and mumbles some strange words.
The puff of frost hits you!
You miss the orc wizard. The orc wizard misses you.
The orc wizard casts a spell at you. The magic dart hits you!
* * * LOW HITPOINT WARNING * * *
The orc wizard looks satisfied for a moment.
The orc wizard hits you but does no damage.
You hit the orc wizard.
The orc wizard hits you but does no damage. x2
The orc priest looks satisfied for a moment.
The orc wizard hits you with a dagger.
* * * LOW HITPOINT WARNING * * *
You barely miss the orc wizard. The orc wizard closely misses you.
The orc wizard hits you with a dagger.
* * * LOW HITPOINT WARNING * * *
You bump into the stone wall.
The orc wizard hits you with a dagger.
* * * LOW HITPOINT WARNING * * *
The orc wizard points at you and mumbles some strange words.
The puff of flame hits you!
* * * LOW HITPOINT WARNING * * *
The orc wizard hits you but does no damage.
Your shield prevents you from hitting the orc wizard.
You feel less confused. You block the orc wizard's attack.
The orc wizard hits you but does no damage.
The orc wizard hits you with a dagger.
* * * LOW HITPOINT WARNING * * *
Unknown command.
Okay, then.
The orc wizard miscasts a cantrip.
The orc wizard gestures at you while chanting.
You resist with some effort.
The orc wizard mumbles some strange words.
The orc wizard flickers and vanishes!
Deactivating autopickup; reactivate with Ctrl-A.
The orc priest calls down the wrath of Beogh upon you.
Beogh smites you!
You die...

.......### ##................#
.###.....###...#.............#
#........#..###..........>##
##...........# ##........###
#............# ##....####
##.(..........###################
#.............##....{..#.......#.
#...........#.##.#o#.#.#.#.#.#.#.
.........#......@o.o......o).....
.........#.....############'#####
.........##.....# .†.
.....(...###....# .....
.........# #.....# #...##
.........# ##...... .###
.........# #...###. .. .........#
##.## .# .........# ..


You could see an orc priest, an orc wizard and an orc.

Vanquished Creatures
  A centaur (D:5)
  A bullfrog (D:3)
  A hound (D:4)
  4 orc priests
  Crazy Yiuf (D:3)
  Terence (D:2)
  4 orc wizards (D:4)
  Natasha (D:3)
  2 worker ants
  4 gnolls
  7 adders (D:2)
  A shadow imp (D:5)
  An ooze (D:4)
  An adder skeleton (D:4)
  An adder zombie (D:5)
  8 worms
  3 dart slugs
  A leopard gecko (D:5)
  25 orcs
  10 bats
  4 giant cockroaches
  15 hobgoblins
  2 jackals (D:3)
  4 quokkas
  2 ball pythons
  3 frilled lizards
  7 goblins
  12 kobolds
  3 rats
  A fungus (D:3)
131 creatures vanquished.

Notes
Turn   | Place    | Note
-------+----------+-------------------------------------------
     0 | D:1      | MalarOregon the Merfolk Ice Elementalist began the quest
                  | for the Orb.
     0 | D:1      | Reached XP level 1. HP: 13/13 MP: 3/3
   235 | D:1      | Reached XP level 2. HP: 20/20 MP: 0/5
   621 | D:1      | Reached skill level 1 in Fighting
   654 | D:1      | Reached XP level 3. HP: 22/26 MP: 2/6
  1015 | D:2      | Reached skill level 4 in Ice Magic
  1546 | D:2      | Reached XP level 4. HP: 32/32 MP: 2/7
  2313 | D:2      | Reached XP level 5. HP: 15/38 MP: 3/9
  3207 | D:3      | Reached skill level 1 in Polearms
  3207 | D:3      | Reached skill level 5 in Ice Magic
  3360 | D:3      | Reached XP level 6. HP: 22/46 MP: 4/10
  4088 | D:3      | Noticed Terence
  4117 | D:2      | Killed Terence
  4314 | D:3      | Noticed Natasha
  4321 | D:3      | Killed Natasha
  4621 | D:3      | Found a runed door.
  4625 | D:3      | Noticed Crazy Yiuf
  4632 | D:3      | Killed Crazy Yiuf
  5091 | D:4      | Reached XP level 7. HP: 47/52 MP: 6/11
  5173 | D:4      | Reached skill level 1 in Shields
  5521 | D:4      | Found a snail-covered altar of Cheibriados.
  6012 | D:5      | Entered Level 5 of the Dungeon
  6026 | D:5      | Got a brightly glowing robe
  6037 | D:5      | Identified the cursed +0 robe of Ikoropp Eghi {rPois MP-9
                  | Str+6} (You found it on level 5 of the Dungeon)
  6105 | D:5      | Reached skill level 5 in Dodging
  6105 | D:5      | Reached skill level 6 in Ice Magic
  6785 | D:5      | HP: 1/52 [orc (3)]
  7109 | D:5      | HP: 1/52 [orc priest/divine providence (14)]
  7131 | D:5      | Killed from afar by an orc priest

Skill      XL: |  1  2  3  4  5  6  7 |
---------------+----------------------+-----
Dodging        | 3 4 5 |  5.2
Fighting       | 1 2 3 |  3.5
Ice Magic      | 4 5 6 |  6.3
Polearms       | 1 2 3 |  3.5
Spellcasting   | 3 |  3.5
Shields        | 1 |  1.8
Stealth        | |  2.1
Conjurations   | |  0.7

Action                   |  1- 3 |  4- 6 |  7- 9 || total
-------------------------+-------+-------+-------++-------
Melee: Unarmed           |    29 |    19 |       ||    48
       Spear             |       |    97 |       ||    97
       Trident           |       |    39 |   142 ||   181
       Tailslap          |       |       |     1 ||     1
 Cast: Freeze            |    70 |   123 |    44 ||   237
  Use: Potion            |       |     1 |     8 ||     9
       Scroll            |       |       |     1 ||     1
 Stab: Distracted        |     1 |     1 |       ||     2
       Sleeping          |       |     2 |     4 ||     6
  Eat: Chunk             |     2 |    13 |     6 ||    21
Armor: Robe              |    18 |    21 |    25 ||    64
Dodge: Dodged            |    55 |   157 |    71 ||   283
Block: Buckler           |       |    10 |     2 ||    12
       Shield            |       |       |    73 ||    73
